 Dungeon Crawl Stone Soup version 0.31.0-9-g3a7656b989 (webtiles) character file.

Game seed: 935101600031031894

16 qw the Shooter (level 2, -6/14 HPs)
             Began as a Spriggan Hunter on Feb 2, 2024.
             Killed from afar by Natasha (9 damage)
             ... with a magic dart
             ... on level 2 of the Dungeon.
             The game lasted 00:00:01 (822 turns).

qw the Shooter (Spriggan Hunter)                     Turns: 822, Time: 00:00:02

Health: -6/14      AC:  2    Str:  7    XL:     2   Next: 37%
Magic:  3/3        EV: 19    Int: 10    God:
Gold:   39         SH:  0    Dex: 18    Spells: 1/1 levels left

rFire   . . .        a - +0 shortbow
rCold   . . .        (shield currently unavailable)
rNeg    . . .        c - +0 robe
rPois   .            (helmet restricted)
rElec   .            (no cloak)
rCorr   .            (gloves unavailable)
SInv    +            (boots unavailable)
Will    .....        (no amulet)
Stlth   ++           (no ring)
HPRegen 0.22/turn    (no ring)
MPRegen 0.08/turn

%: no passive effects
@: hasted and slowed, very quick
A: very small, no large weapons, unfitting armour, see invisible, speed 3,
passive freeze, screaming 1
a: no special abilities


You were on level 2 of the Dungeon.
You visited 1 branch of the dungeon, and saw 2 of its levels.

You collected 39 gold pieces.


Innate Abilities, Weirdness & Mutations

You are very small and have problems with some larger weapons.
You are too small for most types of armour.
You have supernaturally acute eyesight. (SInv)
You cover ground extremely quickly. (Speed+++)
A frigid envelope surrounds you and freezes all who hurt you.
You occasionally shout uncontrollably at your foes.


   Skills:
 - Level 1.5 Fighting
 + Level 4.0 Ranged Weapons
 - Level 4.0 Dodging
 - Level 1.5 Stealth


You had one spell level left.
You didn't know any spells.
Your spell library was empty.

Inventory:

Hand Weapons
 a - a +0 shortbow (weapon)
Armour
 c - a +0 robe (worn)
Scrolls
 d - a scroll of identify
Potions
 b - a potion of magic {unknown}
 e - a potion of mutation

Dungeon Overview and Level Annotations

Branches:
Dungeon (2/15)

Altars:

Annotations:
D:2 Natasha, Terence


Message History

You shoot an arrow. The arrow hits the ribbon worm.
The ribbon worm is heavily wounded.
You shoot an arrow. The arrow hits the ribbon worm.
The ribbon worm is severely wounded.
You shoot an arrow. The arrow hits the ribbon worm!
You kill the ribbon worm!
d - a scroll of identify
Found 5 stones.
You see here 5 stones.
Found a stone staircase leading down.
You yell at Natasha!
Natasha, Servant of Life and Death comes into view.
Found 14 gold pieces.
Natasha hisses angrily.
You hear an angry hiss.
You hear a shout!
Natasha howls an incantation.
You feel disoriented.
You shoot an arrow. The arrow hits Natasha.
Natasha is moderately wounded.
An adder comes into view.
Natasha stares at you and mumbles some strange words.
You feel yourself slow down.
818 ||| DRINKING potion of haste.
You feel yourself speed up.
You shoot an arrow. The arrow hits Natasha.
Natasha is heavily wounded.
You shoot an arrow.
The arrow hits Natasha but does no damage.
Natasha is heavily wounded.
You shoot an arrow. The arrow closely misses Natasha.
Natasha casts a spell at you. The magic dart hits you!
Ouch! That really hurt!
You shoot an arrow. The arrow closely misses Natasha.
Terence the Incautious comes into view.
He is wielding a +0 mace.
Natasha claws you.
Natasha is very cold.
Natasha is heavily wounded.
Natasha stares at you and mumbles some strange words.
The magic dart hits you!
Ouch! That really hurt!
You die...
Natasha begins licking her fur clean.

##.##
#..#### .#
##..(.#####
@#
#.##.....##
.#
#.######..#
.# #.# ##.#
.# #.#
#.###S# ..#
#...#h# .##
###.@.# #
###># .# .#
.# .# .. ..


You could see Terence, Natasha and an adder.

Vanquished Creatures
  A dart slug (D:1)
  A ribbon worm (D:2)
  A bat (D:2)
  2 endoplasms
  A kobold (D:1)
  A quokka (D:1)
  2 ball pythons (D:1)
  3 rats (D:1)
12 creatures vanquished.

Notes
Turn   | Place    | Note
-------+----------+-------------------------------------------
     0 | D:1      | qw the Spriggan Hunter began the quest for the Orb.
     0 | D:1      | Reached XP level 1. HP: 10/10 MP: 2/2
     0 | D:1      | 0 ||| qw: Version: 0.3-a-155-g5e7d8dd
     0 | D:1      | 0 ||| qw: Game counter: 1278
     0 | D:1      | 0 ||| qw: Melee chars always use a shield: true
     0 | D:1      | 0 ||| qw: God list: Okawaru
     0 | D:1      | 0 ||| qw: Allow faded altars: false
     0 | D:1      | 0 ||| qw: Do Orc after clearing Dungeon:15 true
     0 | D:1      | 0 ||| qw: Do second Lair branch before Depths: true
     0 | D:1      | 0 ||| qw: Lair rune preference: random
     0 | D:1      | 0 ||| qw: Goals: Normal
     0 | D:1      | 0 ||| PLANNING D:1-11
    48 | D:1      | Reached skill level 3 in Dodging
   177 | D:1      | Reached XP level 2. HP: 14/14 MP: 3/3
   609 | D:1      | 609 ||| READING scroll labelled RIETERAS MAQI.
   610 | D:1      | 610 ||| READING 2 scrolls labelled KAR FODOOP.
   611 | D:1      | 611 ||| READING 2 scrolls labelled ZOM NEPITE.
   712 | D:1      | 712 ||| READING scroll labelled FEUNLY TICA.
   715 | D:1      | 715 ||| READING scroll labelled QASIUD JYKKO.
   715 | D:1      | 715 ||| IDENTIFYING cyan potion
   716 | D:1      | 716 ||| DRINKING 2 lumpy cyan potions.
   716 | D:1      | Gained mutation: You occasionally shout uncontrollably at
                  | your foes. [potion of mutation]
   716 | D:1      | Gained mutation: A frigid envelope surrounds you and
                  | freezes all who hurt you. [potion of mutation]
   717 | D:1      | 717 ||| DROPPING scroll of butterflies.
   718 | D:1      | 718 ||| DROPPING scroll of amnesia.
   719 | D:1      | 719 ||| DROPPING scroll of vulnerability.
   816 | D:2      | Noticed Natasha
   818 | D:2      | 818 ||| DRINKING potion of haste.
   822 | D:2      | Noticed Terence
   822 | D:2      | HP: 3/14 [Natasha (3)]
   822 | D:2      | Killed from afar by Natasha

Levels and vault maps discovered:
D:1:      minmay_arrival_split_and_join, layout_rooms, minmay_pentomino_q4
D:2:      cheibrodos_greedy_goblins, layout_basic,
          hellmonk_ecumenical_altar_arch_garden, uniq_natasha, uniq_terence

Skill      XL: |  1  2 |
---------------+-------+-----
Dodging        | 3 4 |  4.0
Fighting       | |  1.5
Ranged Weapons | |  4.0
Stealth        | |  1.5

Action                     || total
---------------------------++-------
   Fire: Shortbow          ||    37
    Use: Scroll            ||     5
         Potion            ||     2
 Armour: Robe              ||     3
  Dodge: Dodged            ||     2

Table legend:
 A = Non-vault XP
 B = Vault XP
 C = Vault XP percentage of total XP
 D = Non-vault monster count
 E = Vault monster count
 F = Vault count percentage of total count
                 A         B        C        D         E       F
            +---------+---------+-------+---------+---------+-------
      Total |      13 |      10 |  43.5 |       8 |       4 |  33.3
            +---------+---------+-------+---------+---------+-------
        D:1 |       5 |      10 |  66.7 |       5 |       4 |  44.4
        D:2 |       8 |       0 |   0.0 |       3 |       0 |   0.0
            +---------+---------+-------+---------+---------+-------
